 Dungeon Crawl Stone Soup version 0.31-a0-1321-g5021b54cb2 (webtiles) character file.

Game seed: 14042897402336267955

5181 pokeman the Thaumaturge (level 10, -9/56 HPs)
             Began as a Deep Elf Hedge Wizard on Dec 20, 2023.
             Was a Believer of Vehumet.
             Mangled by a shadow (19 damage)
             ... on level 9 of the Dungeon.
             The game lasted 00:22:56 (10448 turns).

pokeman the Thaumaturge (Deep Elf Hedge Wizard)    Turns: 10448, Time: 00:22:56

Health: -9/56      AC:  4    Str:  7    XL:     10   Next: 34%
Magic:  23/29      EV: 13    Int: 24    God:    Vehumet [**....]
Gold:   414        SH:  5    Dex: 14    Spells: 28/36 levels left

rFire   . . .        w - +11 rapier of Keifeis {speed, rN+}
rCold   . . .        (no shield)
rNeg    + + .        G - +2 robe {rN+}
rPois   .            c - +0 hat
rElec   .            (no cloak)
rCorr   .            (no gloves)
SInv    .            (no boots)
Will    +....        e - amulet of reflection
Stlth   ++           (no ring)
HPRegen 0.29/turn    (no ring)
MPRegen 0.21/turn

%: reflection
@: no status effects
A: no striking features
a: Renounce Religion


You were on level 9 of the Dungeon.
You worshipped Vehumet.
Vehumet was pleased with you.
You visited 2 branches of the dungeon, and saw 10 of its levels.
You also visited: Ossuary.

You collected 470 gold pieces.
You spent 56 gold pieces at shops.

Inventory:

Hand Weapons
 w - the +11 rapier of Keifeis (weapon) {speed, rN+}
   (You found it on level 4 of the Dungeon)

   rN+:       It protects you from negative energy.
 E - a +1 long sword of pain
Missiles
 u - 2 throwing nets
Armour
 c - a +0 hat (worn)
 F - +1 swamp dragon scales
 G - a +2 robe of positive energy (worn)
Magical Staves
 D - a staff of conjuration
Jewellery
 e - an amulet of reflection (around neck)
 J - a ring of fire
Wands
 t - a wand of roots (16)
 x - a wand of paralysis (25)
 H - a wand of flame (24)
 K - a wand of polymorph (7)
Scrolls
 b - a scroll of noise {unknown}
 g - a scroll of silence {unknown}
 h - a scroll of vulnerability {unknown}
 j - 2 scrolls of revelation {unknown}
 k - a scroll of fear {unknown}
 l - 11 scrolls of identify {unknown}
 n - 5 scrolls of enchant weapon {unknown}
 v - a scroll of amnesia {unknown}
 y - 2 scrolls of summoning {unknown}
 B - a scroll of teleportation {unknown}
 I - a scroll of blinking {unknown}
Potions
 a - 6 potions of curing
 d - a potion of magic
 f - 2 potions of lignification {unknown}
 i - 2 potions of invisibility {unknown}
 m - 2 potions of mutation {unknown}
 o - 2 potions of degeneration
 p - 3 potions of haste {unknown}
 q - a potion of resistance {unknown}
 r - 3 potions of attraction {unknown}
 s - 2 potions of heal wounds {unknown}
 z - 2 potions of brilliance {unknown}
 A - 2 potions of cancellation {unknown}
 C - a potion of berserk rage {unknown}


   Skills:
 - Level 4.0 Fighting
 + Level 3.8 Armour
 - Level 3.0 Dodging
 - Level 3.0 Stealth
 * Level 13.8 Spellcasting
 + Level 9.2 Conjurations
 - Level 1.1 Summonings
 - Level 1.4 Necromancy
 - Level 1.1 Translocations
 - Level 1.2 Air Magic
 - Level 1.3 Alchemy
 - Level 1.0 Evocations


You had 28 spell levels left.
You knew the following spells:

 Your Spells              Type           Power      Damage    Failure   Level
a - Magic Dart            Conj           100%       1d8       1%          1
b - Mephitic Cloud        Conj/Alch/Air  35%        N/A       2%          3
c - Call Imp              Summ           42%        N/A       3%          2
d - Blink                 Tloc           42%        N/A       3%          2

Your spell library contained the following spells:

 Spells                   Type           Power      Damage    Failure   Level
 Static Discharge         Conj/Air       82%        3-7/arc   1%          2
 Momentum Strike          Conj/Tloc      82%        3d10      1%          2
 Slow                     Hex            64%        N/A       3%          1
 Cigotuvi's Dreadful Rot  Necr/Alch/Air  46%        N/A       3%          2
 Lesser Beckoning         Tloc           42%        N/A       3%          2
 Arcjolt                  Conj/Air       20%        1d30      12%         5
 Vhi's Electric Charge    Tloc/Air       44%        N/A       22%         4
 Anguish                  Hex/Necr       10%        N/A       26%         4
 Cause Fear               Hex            8%         N/A       34%         4
 Enfeeble                 Hex            8%         N/A       100%        7
 Maxwell's Capacitive Co  Air            11%        ∞         100%        8


Dungeon Overview and Level Annotations

Branches:
Dungeon (9/15)             Temple (1/1) D:4         Ossuary (visited)
   Lair: D:8-11         Orc: D:9-12

Altars:
Ashenzari
Cheibriados
Dithmenos
Elyvilon
Fedhas
Gozag
Hepliaklqana
Kikubaaqudgha
Makhleb
Nemelex Xobeh
Okawaru
Qazlal
Ru
Sif Muna
Trog
Uskayaw
Vehumet
Wu Jian
Xom
Yredelemnul
Zin
The Shining One

Shops:
D:3 !   D:5 [   D:7 *


Message History

Aiming: Magic Dart (safe; 1% risk of failure)
Press: ? - help, Shift-Dir - straight line, f - orc warrior
Aim: an orc warrior, wielding a +0 flail and wearing a +0 plate armour (noxious fumes, 100% to hit)
Okay, then.
Unknown command.
The orc warrior is engulfed in noxious fumes.
The orc warrior appears confused.
The orc warrior says, "Why is everything spinning?"
You strike the helpless orc warrior from behind!
You hit the orc warrior but do no damage.
You puncture the orc warrior!
The orc warrior is moderately wounded.
The orc warrior misses something.
The shadow strikes at you from the darkness!
Reactivating autopickup.
Aiming: Fastroot
Press: ? - help, Shift-Dir - straight line, f/p - shadow
Aim: a shadow (lightly damaged, immune to roots)
Okay, then.
Unknown command.
Aiming: Paralyse
Press: ? - help, Shift-Dir - straight line, f/p - shadow
Aim: a shadow (lightly damaged, chance to affect: 33%)
The shadow easily resists.
The orc warrior barely misses the shadow.
The shadow slips into darkness.
The shadow flickers and vanishes!
Deactivating autopickup; reactivate with Ctrl-A.
Unknown command.
Casting: Magic Dart (safe; 1% risk of failure)
Confirm with . or Enter, or press ? or * to list all spells.
You blink.
The orc warrior barely misses something.
You feel ready to blink again.
The orc priest invokes the aid of Beogh against you.
Beogh smites you!
* * * LOW HITPOINT WARNING * * *
There is a stone staircase leading up here.
The shadow strikes at you from the darkness!
You die...

#...................#
##...).....<.....##o.#
#......#..#...........
#.................(.##
##.....###.)###......
##..........##...#.#
######.........#..#....
#..###.........#..#....
##............>.@...#
................##.## .
................##.## .
....................#
................#..####
...............###.....
........#..............
###.....##...#..o...#..
.##...####.(.##........


You could see an orc (wandering).

Vanquished Creatures
  Maggie (D:6)
  A hornet (D:8)
  Sigmund (D:2)
  2 wraiths
  A wyvern (D:9)
  5 yaks (D:8)
  5 steam dragons
  Menkaure (D:7)
  2 water moccasins (D:7)
  A sky beast (D:7)
  A black bear (D:5)
  An ice beast (D:6)
  An ogre (D:4)
  A centaur (D:6)
  A bullfrog (D:7)
  Blork the orc (D:6)
  A kobold brigand (D:6)
  A scorpion (D:5)
  16 wights
  5 howler monkeys
  A gnoll bouda (D:7)
  A jelly (D:4)
  5 iguanas
  4 orc wizards
  Ijyb (D:3)
  3 mummies (Ossuary)
  12 gnolls
  3 adders
  A shadow imp (D:6)
  A white imp (D:7)
  An adder zombie (Ossuary)
  4 worms
  A dart slug (D:3)
  12 orcs
  9 endoplasms
  5 giant cockroaches
  6 goblins
  6 hobgoblins
  4 jackals
  6 kobolds
  7 quokkas
  5 ball pythons
  4 bats
  A frilled lizard (D:1)
  A gnoll zombie (Ossuary)
  7 goblin zombies (Ossuary)
  3 hobgoblin zombies (Ossuary)
  4 kobold zombies (Ossuary)
  2 quokka zombies (Ossuary)
  3 rats
172 creatures vanquished.

Vanquished Creatures (collateral kills)
  2 wights (D:7)
  An adder (D:7)
3 creatures vanquished.

Grand Total: 175 creatures vanquished

Notes
Turn   | Place    | Note
-------+----------+-------------------------------------------
     0 | D:1      | pokeman the Deep Elf Hedge Wizard began the quest for the
                  | Orb.
     0 | D:1      | Reached XP level 1. HP: 10/10 MP: 7/7
   457 | D:1      | Reached XP level 2. HP: 15/16 MP: 5/9
  1204 | D:2      | Reached skill level 5 in Spellcasting
  1211 | D:2      | Noticed Sigmund
  1304 | D:2      | Reached XP level 3. HP: 20/20 MP: 4/11
  1308 | D:2      | Learned a level 3 spell: Mephitic Cloud
  1311 | D:2      | Learned a level 2 spell: Call Imp
  1314 | D:2      | Learned a level 2 spell: Blink
  1709 | D:2      | Reached skill level 1 in Armour
  1750 | D:2      | Reached skill level 1 in Fighting
  2281 | D:2      | Killed Sigmund
  2282 | D:2      | Reached XP level 4. HP: 9/25 MP: 3/13
  2282 | D:2      | Reached XP level 5. HP: 10/29 MP: 3/14
  3007 | D:3      | Found Paddul's Distillery.
  3016 | D:3      | Bought a potion of curing for 42 gold pieces
  3016 | D:3      | Bought a potion of degeneration for 14 gold pieces
  3309 | D:3      | Reached skill level 5 in Conjurations
  3322 | D:3      | Noticed Ijyb
  3331 | D:3      | Killed Ijyb
  3332 | D:3      | Reached XP level 6. HP: 30/34 MP: 10/16
  3385 | D:3      | Found a snail-covered altar of Cheibriados.
  3734 | D:4      | Found a white marble altar of Elyvilon.
  3809 | D:4      | Found an ornate altar of the Wu Jian Council.
  3810 | D:4      | Found a bloodstained altar of Trog.
  3837 | D:4      | Reached skill level 6 in Spellcasting
  3974 | D:4      | Identified the +11 rapier of Keifeis {speed, rN+}
  4020 | D:4      | Reached skill level 1 in Evocations
  4284 | D:4      | Found a staircase to the Ecumenical Temple.
  4291 | Temple   | Entered the Ecumenical Temple
  4324 | Temple   | Became a worshipper of Vehumet
  4393 | D:5      | Entered Level 5 of the Dungeon
  4407 | D:5      | Reached skill level 1 in Air Magic
  4407 | D:5      | Reached skill level 1 in Alchemy
  4407 | D:5      | Reached XP level 7. HP: 34/38 MP: 16/19
  4416 | D:5      | Found a sparkling altar of Nemelex Xobeh.
  4541 | D:5      | Reached skill level 7 in Spellcasting
  4546 | D:5      | Found Leorr's Armour Shop.
  4675 | D:5      | Found a sand-covered staircase.
  4684 | Ossuary  | Entered an ossuary
  6317 | D:6      | Noticed Maggie
  6326 | D:6      | Killed Maggie
  6327 | D:6      | Reached skill level 8 in Spellcasting
  6327 | D:6      | Reached XP level 8. HP: 45/45 MP: 20/22
  6463 | D:6      | Reached skill level 9 in Spellcasting
  6463 | D:6      | Reached skill level 1 in Necromancy
  6646 | D:6      | Reached * piety under Vehumet
  6646 | D:6      | Offered knowledge of Kiss of Death by Vehumet.
  6813 | D:6      | Noticed Blork the orc
  6846 | D:6      | Killed Blork the orc
  6849 | D:6      | Reached skill level 10 in Spellcasting
  7580 | D:7      | Reached XP level 9. HP: 21/49 MP: 19/25
  7781 | D:7      | Reached skill level 11 in Spellcasting
  7927 | D:7      | Noticed Menkaure
  7932 | D:7      | Killed Menkaure
  8063 | D:7      | Found an opulent altar of Gozag.
  8268 | D:7      | Found a basalt altar of Yredelemnul.
  8516 | D:7      | Found Bouw's Serpentskin Sales.
  8698 | D:7      | Reached skill level 12 in Spellcasting
  9040 | D:8      | Reached ** piety under Vehumet
  9055 | D:8      | Offered knowledge of Static Discharge by Vehumet.
  9346 | D:8      | Reached skill level 13 in Spellcasting
  9346 | D:8      | Reached XP level 10. HP: 49/56 MP: 19/29
 10207 | D:9      | Noticed a two-headed ogre
 10448 | D:9      | Mangled by a shadow

Illustrated notes

Levels and vault maps discovered:
D:1:      matt_arrival_grand_opening, layout_basic
D:2:      layout_loops_ring, uniq_sigmund
D:3:      layout_basic, slow_altar_1, serial_shops,
          nicolae_shop_tiny_statue_garden, hangedman_decor_points,
          dk_vineyard_3, minmay_misc_feat_tower, uniq_ijyb
D:4:      layout_rooms, gammafunk_temple_overflow_statue,
          nicolae_elyvilon_peaceful_grove, minmay_temple_entry_fiery,
          nicolae_titane
D:5:      layout_basic, nemelex_xobeh_ov_fountains_minmay, enter_ossuary_1,
          serial_shops, shop
D:6:      layout_basic, serial_curves, eino_curves_03, eino_curves_02,
          uniq_maggie, uniq_blork_the_orc
D:7:      layout_loops_corners, mainiacjoe_overflow_catwalk,
          nicolae_gozag_cash_rules_everything_around_me, guppyfry_shop_venom,
          uniq_menkaure
D:8:      layout_basic
D:9:      layout_cave_pools, lair_entry_dummy, special_room [special_room_orc],
          minmay_hollow_rounded_squares
Temple:   regret_index_temple_waves

Skill      XL: |  1  2  3  4  5  6  7  8  9 10 |
---------------+-------------------------------+-----
Spellcasting   | 5 6 8 10 13 | 13.8
Armour         | 1 2 3 |  3.8
Fighting       | 1 2 4 |  4.0
Conjurations   | 4 5 6 7 8 9 |  9.2
Dodging        | 3 |  3.0
Stealth        | 3 |  3.0
Evocations     | 1 |  1.0
Air Magic      | 1 |  1.2
Alchemy        | 1 |  1.3
Necromancy     | 1 |  1.4
Summonings     | |  1.1
Translocations | |  1.1

Action                     |  1- 3 |  4- 6 |  7- 9 | 10-12 || total
---------------------------+-------+-------+-------+-------++-------
  Melee: Dagger            |    31 |    33 |       |       ||    64
         Rapier            |       |    20 |   181 |    61 ||   262
         Punch             |       |       |     3 |       ||     3
   Cast: Magic Dart        |   109 |    49 |   182 |    42 ||   382
         Mephitic Cloud    |     3 |     7 |    20 |     8 ||    38
         Call Imp          |       |       |    10 |     1 ||    11
         Blink             |       |       |     2 |     1 ||     3
  Evoke: Wand              |       |       |     1 |     1 ||     2
   Stab: Confused          |     2 |     4 |     8 |     4 ||    18
         Paralysed         |       |       |     7 |       ||     7
         Sleeping          |       |       |     1 |       ||     1
 Armour: Robe              |    20 |    10 |    69 |    16 ||   115
  Dodge: Dodged            |    29 |    23 |    79 |    22 ||   153
  Block: Other             |     7 |     7 |    32 |     8 ||    54
         Reflection        |       |       |     1 |       ||     1

Table legend: (Time is in decaauts)
 A = Elapsed time spent in this place.
 B = Non-inter-level travel time spent in this place.
 C = Inter-level travel time spent in this place.
 D = Time resting spent in this place.
 E = Time spent auto-exploring this place.
 F = Levels seen in this place.
 G = Mean time per level.
                   A        B        C        D        E       F      G
               +--------+--------+--------+--------+--------+-----+--------+
         Total |  10408 |  10037 |    371 |    245 |   8140 |  11 |  946.2 |
       Dungeon |   9867 |   9560 |    307 |    245 |   7775 |   9 | 1096.3 |
        Temple |     66 |      2 |     64 |      0 |      0 |   1 |   66.0 |
       Ossuary |    474 |    474 |      0 |      0 |    365 |   1 |  474.0 |
               +--------+--------+--------+--------+--------+-----+--------+

Top non-repeatable levels by time:
     D:7: 1682 daAuts
     D:1: 1283 daAuts
     D:8: 1278 daAuts
     D:6: 1235 daAuts
     D:2: 1221 daAuts
     D:3: 1209 daAuts
     D:5: 1156 daAuts
     D:4: 610 daAuts
 Ossuary: 474 daAuts
     D:9: 190 daAuts
  Temple: 66 daAuts
